 Dungeon Crawl Stone Soup version 0.22-a0-538-g76cc104 (webtiles) character file.

22 iamserjio the Charmwright (level 2, 2/15 HPs)
             Began as a Vine Stalker Skald on June 23, 2018.
             Quit the game on level 2 of the Dungeon.
             The game lasted 00:02:34 (125 turns).

iamserjio the Charmwright (Vine Stalker Skald)       Turns: 125, Time: 00:02:34

Health: 2/15       AC:  3    Str: 13    XL:     2   Next: 91%
Magic:  1/6        EV: 11    Int: 13    God:
Gold:   52         SH:  0    Dex: 13    Spells: 5/6 levels left

rFire    . . .     SeeInvis .   a - +0 spear
rCold    . . .     Gourm    .   (no shield)
rNeg     . . .     Faith    .   b - +0 leather armour
rPois    .         Spirit   +   (no helmet)
rElec    .         Reflect  .   (no cloak)
rCorr    .         Harm     .   (no gloves)
MR       .....                  (no boots)
Stlth    +.........             (no amulet)
HPRegen  0.05/turn              (no ring)
MPRegen  0.10/turn              (no ring)

@: lethally poisoned (2 -> -6), infused (expiring), very slightly contaminated
A: fangs 2, magic shield, antimagic bite, no potion heal 3, rot immunity
a: no special abilities


You were on level 2 of the Dungeon.
You were not hungry.

You visited 1 branch of the dungeon, and saw 2 of its levels.

You collected 52 gold pieces.

Inventory:

Hand Weapons
 a - a +0 spear (weapon)
Armour
 b - a +0 leather armour (worn)
Scrolls
 c - a scroll of amnesia {unknown}
Comestibles
 d - 2 rations


   Skills:
 + Level 2.1 Fighting
 * Level 2.4 Polearms
 - Level 0.7 Armour
 - Level 1.5 Dodging
 + Level 2.5 Spellcasting
 - Level 3.0 Charms


You had 5 spell levels left.
You knew the following spells:

 Your Spells              Type           Power        Failure   Level  Hunger
a - Infusion              Chrm           #...         9%          1    #......

Your spell library contained the following spells:

 Spells                   Type           Power        Failure   Level  Hunger
 Regeneration             Chrm/Necr      #.........   45%         3    ###....
 Shroud of Golubria       Chrm/Tloc      #.........   26%         2    ###....
 Song of Slaying          Chrm           #.......     14%         2    ###....
 Spectral Weapon          Hex/Chrm       #.......     45%         3    ###....


Dungeon Overview and Level Annotations

Branches:
Dungeon (2/15)

Altars:


Innate Abilities, Weirdness & Mutations

You have extremely sharp teeth.
When hurt, damage is shared between your health and your magic reserves.
Your bite disrupts and absorbs the magic of your enemies.
Potions cannot restore your health.
You are immune to rotting.


Message History

You are lethally poisoned!
The adder poisons you!
You hit the adder but do no damage. You bite the adder. You drain its power.
You feel invigorated.
The adder is severely wounded.
You feel sick. The adder closely misses you. The adder misses you.
You closely miss the adder.
The adder is severely wounded.
* * * LOW HITPOINT WARNING * * *
You feel sick. The adder bites you.
* * * LOW HITPOINT WARNING * * *
You hit the adder!
You kill the adder!
* * * LOW HITPOINT WARNING * * *
You feel sick.
You aren't carrying any potions.
You aren't carrying any potions.
You aren't carrying any potions.
You aren't carrying any potions.
Are you sure you want to abandon this character and quit the game? (Confirm with "yes".)

#.# #.# ...## #.# #....##
#.# ......# ..####
..S..(. .....# ......#
.#.#.# .....##
.##..#############.......
................@†.#
.##..#############.#
.#.#.# .# ..# .# .# .##
.# .# .# .# .# .# .# ##
## .#


There were no monsters in sight!

Vanquished Creatures
  2 adders (D:2)
  A bat (D:1)
  A goblin (D:1)
  A frilled lizard (D:2)
  A rat (D:1)
6 creatures vanquished.

Notes
Turn   | Place    | Note
-------+----------+-------------------------------------------
     0 | D:1      | iamserjio the Vine Stalker Skald began the quest for the Orb.
     0 | D:1      | Reached XP level 1. HP: 11/11 MP: 4/4
   118 | D:2      | Reached XP level 2. HP: 12/15 MP: 0/6
   125 | D:2      | Quit the game

Vault maps used:
D:1:      dpeg_arrival_tiny_a, roderic_lattice_a, minmay_hexomino_c4
D:2:      uniq_natasha

Skill      XL: |  1 |
---------------+----+-----
Polearms       | 2 |  2.4
Fighting       | 2 |  2.1
Armour         | |  0.7
Dodging        | |  1.5
Spellcasting   | |  2.5
Charms         | |  3.0

Action                   || total
-------------------------++-------
Melee: Spear             ||    18
       Bite              ||     2
 Cast: Infusion          ||     3
Armor: Leather armour    ||     5
Dodge: Dodged            ||     7

Table legend:
 A = Spawn XP
 B = Non-spawn XP
 C = Spawn XP percentage of total XP
 D = Spawn monster count
 E = Non-spawn monster count
 F = Spawn count percentage of total count
 G = Total turns spent on level
                    A         B        C        D         E        F      G
               +---------+---------+-------+---------+---------+-------+---------
         Total |       0 |      32 |   0.0 |       0 |       6 |   0.0 |   125
               +---------+---------+-------+---------+---------+-------+---------
           D:1 |       0 |       5 |   0.0 |       0 |       3 |   0.0 |    64
           D:2 |       0 |      27 |   0.0 |       0 |       3 |   0.0 |    61
               +---------+---------+-------+---------+---------+-------+---------
